 Dungeon Crawl Stone Soup version 0.29.0-5-ge4962eb29e (webtiles) character file.

Game seed: 6840982026192792361

26 xian the Chiller (level 2, -1/19 HPs)
             Began as a Demonspawn Ice Elementalist on Aug 30, 2022.
             Succumbed to a goblin's poison
             ... on level 1 of the Dungeon.
             The game lasted 00:01:52 (553 turns).

xian the Chiller (Demonspawn Ice Elementalist)       Turns: 553, Time: 00:01:53

Health: -1/19      AC:  5    Str:  8    XL:     2   Next: 89%
Magic:  3/5        EV: 11    Int: 16    God:
Gold:   16         SH:  0    Dex: 13    Spells: 4/5 levels left

rFire   . . .      SeeInvis .   d - +0 dagger
rCold   . . .      Faith    .   (no shield)
rNeg    . . .      Spirit   .   e - +0 leather armour
rPois   .          Reflect  .   (no helmet)
rElec   .          Harm     .   (no cloak)
rCorr   .          Rampage  .   (no gloves)
Will    .....                   (no boots)
Stlth   ++........              (no amulet)
HPRegen 0.06/turn               (no ring)
MPRegen 0.09/turn               (no ring)

@: brilliant, lethally poisoned (-1 -> -7)
A: thin metallic scales 1
a: no special abilities


You were on level 1 of the Dungeon.
You visited 1 branch of the dungeon, and saw 1 of its levels.

You collected 16 gold pieces.

Inventory:

Hand Weapons
 d - a +0 dagger (weapon)
 g - a +1 dagger of venom
Armour
 a - a +0 robe
 e - a +0 leather armour (worn)
Scrolls
 c - a scroll of summoning {unknown}
Potions
 b - a potion of magic


   Skills:
 + Level 1.8 Dodging
 + Level 1.9 Stealth
 + Level 2.3 Spellcasting
 + Level 4.2 Ice Magic


You had 4 spell levels left.
You knew the following spells:

 Your Spells              Type           Power      Damage    Failure   Level
a - Freeze                Ice            92%        1d10      5%          1

Your spell library contained the following spells:

 Spells                   Type           Power      Damage    Failure   Level
 Frozen Ramparts          Ice            46%        1d7       16%         3
 Ozocubu's Armour         Ice            23%        N/A       16%         3
 Hailstorm                Conj/Ice       12%        3d5       77%         4


Dungeon Overview and Level Annotations

Branches:
Dungeon (1/15)

Altars:


Innate Abilities, Weirdness & Mutations

You are partially covered in thin metallic scales. (AC +2)


Message History

You freeze the endoplasm.
You kill the endoplasm!
The dart slug bites you but does no damage.
You see here a +0 dagger.
You hit the dart slug but do no damage. The dart slug bites you.
You hit the dart slug but do no damage.
Your magical contamination has completely faded away.
You hit the dart slug. You punch the dart slug.
The dart slug is heavily wounded.
The dart slug closely misses you.
You hit the dart slug.
The dart slug is almost dead.
The dart slug bites you but does no damage.
You hit the dart slug.
You kill the dart slug!
A goblin is nearby!
The goblin shouts!
The goblin hits you with a +1 dagger of venom.
You are poisoned.
You freeze the goblin.
The goblin is moderately wounded.
You feel very sick. The goblin hits you but does no damage.
You are lethally poisoned!
You freeze the goblin.
You kill the goblin!
You feel very sick.
You are too injured to fight recklessly!
You feel very sick.
* * * LOW HITPOINT WARNING * * *
You feel very sick.
You see here a +1 dagger of venom.
g - a +1 dagger of venom
* * * LOW HITPOINT WARNING * * *
You feel sick.
It was a potion of brilliance.
You feel clever all of a sudden.
* * * LOW HITPOINT WARNING * * *
You feel sick.
You die...

#†.# #..#
##.#########.## ##..#
#.......#. #..##
#.#....... .
#.#####.#.##.... ...
###......)........
##..###.........#.......
........$.########.#####
..?....@..#..#.........#
.?........# #...........
..........##.....#.#....
.>.......##......#.#....
.........# ......#.#....
.........# ....# #.# #..
.........# ...# #.# #.
.........# ... #.# .
..#####.#####


There were no monsters in sight!

Vanquished Creatures
  A dart slug (D:1)
  A bat (D:1)
  3 endoplasms (D:1)
  2 giant cockroaches (D:1)
  4 goblins (D:1)
  3 hobgoblins (D:1)
  2 frilled lizards (D:1)
  2 kobolds (D:1)
  3 rats (D:1)
21 creatures vanquished.

Notes
Turn   | Place    | Note
-------+----------+-------------------------------------------
     0 | D:1      | xian the Demonspawn Ice Elementalist began the quest for
                  | the Orb.
     0 | D:1      | Reached XP level 1. HP: 13/13 MP: 3/3
   194 | D:1      | Gained mutation: You are partially covered in thin metallic
                  | scales. (AC +2) [demonic ancestry]
   194 | D:1      | Reached XP level 2. HP: 18/19 MP: 0/5
   206 | D:1      | Reached skill level 4 in Ice Magic
   553 | D:1      | Succumbed to a goblin's poison

Illustrated notes

Levels and vault maps discovered:
D:1:      matt_arrival_grand_opening, layout_rooms, minivault_5

Skill      XL: |  1  2 |
---------------+-------+-----
Ice Magic      | 4 |  4.2
Dodging        | |  1.8
Stealth        | |  1.9
Spellcasting   | |  2.3

Action                   || total
-------------------------++-------
Melee: Dagger            ||    20
       Unarmed           ||     3
       Punch             ||     1
 Cast: Freeze            ||    23
  Use: Potion            ||     1
Armor: Robe              ||     5
       Leather armour    ||     9
Dodge: Dodged            ||    28
